 Dungeon Crawl Stone Soup version 0.23.2-1-ga50397a (webtiles) character file.

Game seed: 5783241231302165058

562115 TheOvate the Conqueror (level 26, -19/239 HPs)
             Began as a Hill Orc Fighter on Apr 19, 2019.
             Was a Priest of Makhleb.
             Demolished by a black draconian monk (31 damage)
             ... on level 4 of the Realm of Zot on Apr 25, 2019.
             The game lasted 09:51:18 (70269 turns).

TheOvate the Conqueror (Hill Orc Fighter)          Turns: 70269, Time: 09:51:19

Health: -19/239    AC: 45    Str: 28    XL:     26   Next: 67%
Magic:  36/36      EV:  9    Int: 10    God:    Makhleb [***...]
Gold:   4345       SH: 24    Dex: 10    Spells: 27/27 levels left

rFire    . . .     SeeInvis +   O - +7 long sword of Domination {slice, rElec rPois Str-2 Stlth+}
rCold    + . .     Gourm    .   H - +5 shield "Veps" {+Fly rPois MR+++ Dex-4}
rNeg     . . .     Faith    .   i - +10 gold dragon scales of the Gloaming {rPois rF+ rC+ Str+6}
rPois    +         Spirit   .   S - +2 helmet
rElec    +         Reflect  +   x - +2 cloak {MR+}
rCorr    .         Harm     .   R - +2 pair of gloves {Str+3}
MR       +++++                  q - +2 pair of boots
Stlth    ..........             B - +4 amulet of reflection
HPRegen  0.49/turn              V - ring of see invisible
MPRegen  0.25/turn              d - ring of protection from magic

@: fire vulnerable, flying, very heavily drained
A: blurry vision 1, frail 1, weak 2
}: 3/15 runes: decaying, serpentine, silver
a: Minor Destruction, Lesser Servant of Makhleb, Renounce Religion, Stop Flying


You were on level 4 of the Realm of Zot.
You worshipped Makhleb.
Makhleb was most pleased with you.
You were not hungry.

You visited 8 branches of the dungeon, and saw 45 of its levels.
You visited the Abyss 1 time.
You visited 1 bazaar.

You collected 9720 gold pieces.
You spent 5375 gold pieces at shops.

Inventory:

Hand Weapons
 L - a +9 falchion of flaming
 O - the +7 long sword of Domination (weapon) {slice, rElec rPois Str-2 Stlth+}
   (You found it on level 4 of the Vaults)

   It inflicts extra damage upon your enemies.
   It affects your strength (-2).
   It insulates you from electricity.
   It protects you from poison.
   It makes you more stealthy.
Armour
 i - the +10 gold dragon scales of the Gloaming (worn) {rPois rF+ rC+ Str+6}
   (You bought it in a shop on level 2 of the Orcish Mines)

   It affects your strength (+6).
   It protects you from fire.
   It protects you from cold.
   It protects you from poison.
 q - a +2 pair of boots (worn)
 x - a +2 cloak of magic resistance (worn)
 H - the +5 shield "Veps" (worn) {+Fly rPois MR+++ Dex-4}
   (You found it on level 11 of the Dungeon)

   It affects your dexterity (-4).
   It protects you from poison.
   It affects your resistance to hostile enchantments.
   It lets you fly.
 R - a +2 pair of gloves of strength (worn)
 S - a +2 helmet (worn)
Jewellery
 d - a ring of protection from magic (right hand)
 l - an uncursed ring of poison resistance
 v - an uncursed ring of protection from cold
 w - an uncursed ring of protection from fire
 B - a +4 amulet of reflection (around neck)
 C - an uncursed ring of resist corrosion
 V - a ring of see invisible (left hand)
 Z - the ring "Feymyh" {Fire Str+3}
   (You took it off an ironheart preserver on level 5 of the Vaults)

   [ring of fire]

   It enhances your fire magic.
   It affects your strength (+3).
   It protects you from fire.
   It makes you vulnerable to cold.
Wands
 o - a wand of iceblast (35)
 A - a wand of flame (64)
 P - a wand of paralysis (38)
 U - a wand of disintegration (13)
 W - a wand of clouds (4)
 X - a wand of digging (11)
Scrolls
 b - 7 scrolls of fog
 e - 3 scrolls of magic mapping
 k - 23 scrolls of remove curse
 m - 15 scrolls of teleportation
 u - a scroll of brand weapon
 E - 2 scrolls of holy word
 F - 3 scrolls of enchant weapon
 G - 3 scrolls of enchant armour
 J - 2 scrolls of fear
 K - 16 scrolls of identify
Potions
 a - 2 potions of invisibility
 c - 2 potions of resistance
 j - 2 potions of ambrosia
 n - 7 potions of flight
 p - 17 potions of curing
 t - 5 potions of cancellation
 z - a potion of haste
 M - 2 potions of mutation
 Q - 2 potions of magic
 T - 2 potions of might
 Y - 3 potions of berserk rage
Miscellaneous
 g - a lamp of fire
 r - 3 sacks of spiders
 y - 3 boxes of beasts
 D - a fan of gales
 I - 3 phantom mirrors
 N - a phial of floods
Comestibles
 f - 48 rations


   Skills:
 O Level 27(22.2) Fighting
   Level 1.3(6.8) Short Blades
 - Level 16.1(12.3) Long Blades
 - Level 20.2(16.0) Armour
 - Level 9.6(6.2) Dodging
 - Level 1.0(0.0) Stealth
 + Level 22.0(17.7) Shields
 - Level 1.0(0.0) Spellcasting
 - Level 7.1(4.0) Invocations
 - Level 19.0(14.9) Evocations


You had 27 spell levels left.
You didn't know any spells.
Your spell library contained the following spells:

 Spells                   Type           Power        Failure   Level  Hunger
 Animate Skeleton         Necr           N/A          100%        1    ##.....
 Apportation              Tloc           #.....       100%        1    ##.....
 Confusing Touch          Hex            #.....       100%        1    ##.....
 Flame Tongue             Conj/Fire      #....        100%        1    ##.....
 Freeze                   Ice            #...         100%        1    ##.....
 Infusion                 Chrm           #...         100%        1    ##.....
 Shock                    Conj/Air       #...         100%        1    ##.....
 Sting                    Conj/Pois      #...         100%        1    ##.....
 Summon Small Mammal      Summ           #...         100%        1    ##.....
 Ensorcelled Hibernation  Hex/Ice        #.....       100%        2    ###....
 Poisonous Vapours        Pois/Air       #.....       100%        2    ###....
 Shroud of Golubria       Chrm/Tloc      #.........   100%        2    ###....
 Song of Slaying          Chrm           #.......     100%        2    ###....
 Sticks to Snakes         Tmut           #.......     100%        2    ###....
 Swiftness                Chrm/Air       #.......     100%        2    ###....
 Throw Frost              Conj/Ice       #.....       100%        2    ###....
 Conjure Flame            Conj/Fire      #.......     100%        3    ####...
 Ignite Poison            Fire/Tmut/Pois #.......     100%        3    ####...
 Mephitic Cloud           Conj/Pois/Air  #.......     100%        3    ####...
 Ozocubu's Armour         Chrm/Ice       #.......     100%        3    ####...
 Recall                   Summ/Tloc      N/A          100%        3    ####...
 Regeneration             Chrm/Necr      #.........   100%        3    ####...
 Spectral Weapon          Hex/Chrm       #.......     100%        3    ####...
 Static Discharge         Conj/Air       #.......     100%        3    ####...
 Airstrike                Air            #.........   100%        4    #####..
 Animate Dead             Necr           N/A          100%        4    #####..
 Cause Fear               Hex            #.........   100%        4    #####..
 Olgreb's Toxic Radiance  Pois           #.......     100%        4    #####..
 Summon Ice Beast         Ice/Summ       #.......     100%        4    #####..
 Throw Icicle             Conj/Ice       #.......     100%        4    #####..
 Bolt of Magma            Conj/Fire/Erth #.........   100%        5    ######.
 Borgnjor's Vile Clutch   Necr/Erth      #.........   100%        5    ######.
 Irradiate                Conj/Tmut      #.........   100%        5    ######.
 Lightning Bolt           Conj/Air       #.........   100%        5    ######.
 Metabolic Englaciation   Hex/Ice        #.........   100%        5    ######.
 Silence                  Hex/Air        #.........   100%        5    ######.
 Venom Bolt               Conj/Pois      #.........   100%        5    ######.
 Yara's Violent Unravell  Hex/Tmut       #.........   100%        5    ######.
 Death Channel            Necr           #.........   100%        6    #######
 Deflect Missiles         Chrm/Air       #.........   100%        6    #######
 Freezing Cloud           Conj/Ice/Air   #.........   100%        6    #######
 Ozocubu's Refrigeration  Ice            #.........   100%        6    #######
 Simulacrum               Ice/Necr       #.........   100%        6    #######
 Ring of Flames           Chrm/Fire      #.........   100%        7    #######
 Discord                  Hex            #.........   100%        8    #######


Dungeon Overview and Level Annotations

Branches:
Dungeon (15/15)            Temple (0/1) D:4            Lair (6/6) D:10
  Swamp (4/4) Lair:3        Snake (4/4) Lair:4        Slime (0/5) Lair:5
    Orc (2/2) D:12            Elf (0/3) Orc:2        Vaults (5/5) D:13
  Crypt (0/3) Vaults:2     Depths (5/5) D:15            Zot (3/5) Depths:5

Altars:
Gozag
Kikubaaqudgha
Makhleb
Okawaru
Sif Muna
Uskayaw
Vehumet
Xom
Yredelemnul
Beogh
Jiyva

Shops:
D:7 :   D:10 %   D:11 ?   D:15 :*   Orc:2 [[}*!   Snake:3 *(*[   Vaults:1 ?}*![
Vaults:2 [?[[(   Vaults:3 (   Depths:1 =}}   Depths:4 :

Portals:
Hell: Depths:1 Depths:2 Depths:3 Depths:4 Depths:5
Abyss: Depths:4
Pandemonium: Depths:2 Depths:3
Ziggurat: Depths:2
Trove: Depths:5 (give 2 scrolls of acquirement)

Annotations:
D:7 book shop
D:12 2 transporters, exclusion: orange crystal statue
D:13 vaults?
Lair:3 swap entance, Xiemaice's ghost, journeyman DrFE
Lair:4 snake entrance, exclusion: 4 oklob plants
Lair:5 slime pits entrance
Swamp:3 2 transporters
Orc:2 +10 armor 2k
Vaults:1 magical portal
Vaults:2 crypt entrance
Vaults:3 bazaar entrance
Depths:1 exclusion: orange crystal statue
Depths:4 2 runed translucent doors
Depths:5 1 runed translucent door, bananaglory's ghost, legendary MfSk
Zot:1 2 runed translucent doors, Qenec's ghost, legendary TrBe; Sagrath01's ghost, veteran GnFE; Usopnomu's ghost, legendary OgBe; Zoemieteo's ghost, legendary KoFi


Innate Abilities, Weirdness & Mutations

Scrolls take you a little longer to read.
You are frail. (-10% HP)
You are very weak. (Str -4)


Message History

The white draconian monk kicks you but does no damage.
You block the white draconian monk's attack.
The green draconian is engulfed in blazing flames.
The Killer Klown blinks!
You reach down and open the door.
You block the white draconian monk's attack. x2
The white draconian monk tail-slaps you.
* * * LOW HITPOINT WARNING * * *
The yellow draconian is engulfed in blazing flames.
The white draconian monk hits you!!
* * * LOW HITPOINT WARNING * * *
The white draconian monk kicks you!
* * * LOW HITPOINT WARNING * * *
The white draconian monk barely misses you.
You feel better.
You block the white draconian monk's attack.
The white draconian monk kicks you but does no damage.
You block the white draconian monk's attack.
The black draconian monk hits you!!
You die...

,,,,....,***+*******,,,,,,,,,,,,,
,,,......*,,,,,,,,,*,,,,,,,,,,,,,
,,,......*,,,,,,,,,*,,,.,,,,,,,,,
,,,,.....#+######,,*,,..,,,,,,,,,
***+*#....$.....#,,*,...,,,,,,,,,
*,,#..........####....,,,,,,,,,
*,,+.........d.....#*********** *
***#....p°dydqq....#,,,,,,,,,*
***,,#......####@....#,,,,,,,,,*
*,,,,#......#..'.....#,,,,,,,,,*
*,,,,#...ydd#..#.....#,***,,,,**
*,,,,#......#..#######,***,,,,*
*,,,,#......#.,,*,,*,,,,,,,,,,*
*,,,,#......#.,,+,<*,,,,,,,,,,*
***,,#......##,************,,****
***,,###.....#,************,,*,,,
,,,,,,,#.....#,,,,,,,,,,,,*,,*,,,


You could see a Killer Klown, 2 draconians, a yellow draconian, 2 draconians and
a moth of wrath.

Vanquished Creatures
  A juggernaut (Depths:2)
  An ancient lich (Vaults:4)
  Sojobo (Vaults:2)
  the Lernaean hydra (Swamp:3)
  Margery (Depths:1)
  Frederick (Vaults:4)
  5 caustic shrikes
  9 golden dragons
  Nikola (Vaults:3)
  An electric golem (Zot:1)
  20 tentacled monstrosities
  4 liches
  8 quicksilver dragons
  4 titans
  6 death cobs
  5 sphinxes
  Frances (Snake:1)
  2 thorn hunters
  3 shadow dragons
  Kirke (Lair:4)
  8 tengu reavers
  Donald (Vaults:4)
  9 nagarajas
  8 storm dragons
  7 fire giants
  5 draconian monks
  2 ghost moths
  9 frost giants
  Aizul (Snake:1)
  5 draconian knights
  2 iron dragons
  2 deep elf sorcerers
  5 draconian scorchers
  10 vault wardens
  A cacodemon (Depths:4)
  3 draconian shifters
  A deep elf elementalist (Vaults:5)
  A ghoul (Vaults:3)
  12 ironheart preservers
  19 stone giants
  5 draconian annihilators
  A war gargoyle (Vaults:5)
  16 very ugly things
  4 vampire knights
  An entropy weaver (Vaults:2)
  6 deep elf demonologists
  A spark wasp (shapeshifter) (Depths:5)
  3 purple draconians
  5 green draconians
  12 white draconians
  4 deep elf annihilators (Vaults:5)
  10 red draconians
  5 black draconians
  A spark wasp (Depths:2)
  6 yellow draconians
  A blizzard demon (Depths:3)
  13 ettins
  2 green deaths (Depths:4)
  2 deep elf death magi
  3 deep elf high priests
  15 naga warriors
  10 fire dragons
  17 ogre magi
  33 hydras
  10 yaktaur captains
  Harold (Lair:2)
  Fannar (Lair:2)
  5 rakshasas
  6 great orbs of eyes
  9 ice dragons
  31 vault guards
  2 spriggan air magi
  2 shambling mangroves
  The ghost of Killmatronix the Cleaver, a novice DDCK of Xom (D:10)
  A catoblepas (Lair:6)
  11 centaur warriors
  10 deep troll shamans
  7 anacondas
  42 two-headed ogres
  3 dancing weapons
  7 alligators
  2 death knights
  4 death yaks (Lair:6)
  An alligator (shapeshifter) (Vaults:4)
  7 deep troll earth magi
  6 spriggan berserkers
  11 naga sharpshooters
  3 tengu warriors
  2 thrashing horrors (Abyss:3)
  2 vampire magi (Depths:2)
  10 shock serpents
  A storm dragon zombie (Vaults:4)
  6 deep elf knights
  21 hell knights
  5 skeletal warriors
  Nergalle (D:12)
  A spatial maelstrom (Abyss:3)
  3 iron trolls
  4 shadow wraiths
  A sixfirhy (Depths:2)
  2 unseen horrors (Depths:1)
  A salamander mystic (Snake:2)
  4 sea snakes (Snake:2)
  5 large abominations (Abyss:3)
  4 flayed ghosts
  5 wizards
  2 spriggan druids
  An infernal demonspawn (Depths:3)
  2 deep trolls (shapeshifter)
  9 naga ritualists
  4 glowing orange brains
  4 deep elf archers
  11 ironbrand convokers
  20 deep trolls
  9 swamp dragons
  5 phantasmal warriors
  13 orc knights
  A shadow dragon zombie (Vaults:4)
  A harpy (shapeshifter) (Depths:4)
  6 harpies
  5 necromancers
  3 orc sorcerers
  6 mana vipers
  51 ugly things
  8 cyclopes
  3 human zombies
  7 salamanders
  A manticore (D:14)
  3 wolf spiders
  A mana viper (shapeshifter) (Vaults:5)
  A fire giant zombie (Vaults:4)
  6 deep elf magi
  6 moths of wrath
  A guardian serpent (shapeshifter) (Vaults:2)
  5 guardian serpents
  Maurice (D:10)
  33 black mambas
  24 naga magi
  18 spiny frogs
  A stone giant skeleton (Vaults:2)
  An orange demon (Depths:4)
  A rust devil (Depths:2)
  An eye of devastation (shapeshifter) (Vaults:2)
  16 vault sentinels
  A smoke demon (Depths:4)
  4 gargoyles
  A komodo dragon (shapeshifter) (Vaults:3)
  5 komodo dragons
  A yaktaur zombie (Vaults:2)
  48 yaktaurs
  4 kobold demonologists
  A rime drake (Lair:6)
  8 freezing wraiths
  A hellion (Depths:2)
  3 hellwings
  A redback zombie (D:15)
  2 tengu conjurers
  An ice devil (Depths:3)
  3 meliai (D:15)
  8 trolls
  An ancient zyme (Abyss:3)
  12 tyrant leeches
  11 hornets
  2 human simulacra (Vaults:2)
  51 slime creatures
  10 bog bodies
  20 blink frogs
  2 raiju (shapeshifter) (Depths:2)
  9 hippogriffs
  16 flying skulls (D:15)
  A redback (Vaults:2)
  7 wraiths
  Eustachio (D:6)
  3 air elementals (Depths:3)
  4 spriggans
  A stone giant simulacrum (Vaults:4)
  3 basilisks
  3 shadows
  A tarantella (shapeshifter) (Vaults:4)
  27 yaks
  7 wyverns
  2 hungry ghosts
  4 small abominations (Abyss:3)
  A chaos spawn (Depths:3)
  A golden eye (shapeshifter) (Depths:4)
  A basilisk (shapeshifter) (Vaults:4)
  19 vampire mosquitoes
  A neqoxec (Depths:2)
  17 swamp worms
  14 insubstantial wisps
  3 wargs
  2 spatial vortices (Abyss:3)
  An acid dragon (Vaults:1)
  37 nagas
  7 water moccasins
  10 porcupines
  A water moccasin (shapeshifter) (Vaults:3)
  13 swamp drakes
  A swamp drake (shapeshifter) (Vaults:2)
  A black bear (D:6)
  42 orc warriors
  5 sky beasts
  An eye of draining (shapeshifter) (Depths:3)
  2 eyes of draining
  33 ogres
  A necrophage (D:11)
  4 phantoms
  An ice beast (D:7)
  An ice dragon simulacrum (Vaults:1)
  7 boggarts
  38 wolves
  32 centaurs
  10 crocodiles
  3 big kobolds
  Blork the orc (D:6)
  23 bullfrogs
  2 earth elementals (Depths:3)
  A gnoll sergeant (D:10)
  3 human skeletons
  A wyvern skeleton (D:10)
  18 killer bees
  3 scorpions
  2 electric eels
  5 howler monkeys
  6 crimson imps
  5 centaur zombies
  5 quasits
  2 iron imps (Depths:2)
  17 orc priests
  3 hounds
  Crazy Yiuf (D:2)
  2 bullfrog zombies
  6 jellies
  15 orc wizards
  A bullfrog skeleton (D:6)
  5 centaur skeletons
  8 iguanas
  Terence (D:2)
  9 worker ants
  A hound skeleton (D:7)
  2 worker ant zombies
  10 adders
  A howler monkey skeleton (D:4)
  9 gnolls
  A river rat (D:6)
  5 shadow imps
  A white imp (Depths:2)
  2 ufetubi (Depths:2)
  An ooze (D:3)
  2 adder zombies
  An adder skeleton (D:7)
  A worm (D:2)
  2 dart slugs
  2 leopard geckos
  87 orcs
  7 bats
  6 giant cockroaches
  14 goblins
  5 hobgoblins
  11 jackals
  11 kobolds
  4 quokkas
  A ball python (D:2)
  3 frilled lizards
  A leopard gecko skeleton (D:6)
  A leopard gecko zombie (D:6)
  2 quokka skeletons
  8 rats
  3 briar patches
  A crawling corpse (Vaults:5)
  3 plants
1869 creatures vanquished.

Vanquished Creatures (collateral kills)
  A golden dragon (Depths:3)
  2 tentacled monstrosities
  A quicksilver dragon (Depths:4)
  A shadow dragon (Depths:5)
  A storm dragon (Zot:1)
  A nagaraja (Snake:4)
  2 fire giants
  A vault warden (Vaults:2)
  2 frost giants (Depths:3)
  A deep elf elementalist (Vaults:5)
  2 ironheart preservers
  2 very ugly things (Depths:2)
  2 stone giants
  A deep elf demonologist (Vaults:5)
  A black draconian (Zot:2)
  A spark wasp (Depths:2)
  A yellow draconian (Zot:3)
  An ettin (Depths:5)
  A fire dragon (Depths:1)
  A vault guard (Vaults:4)
  2 rakshasas
  2 hydras
  A death knight (Vaults:2)
  2 death yaks (Lair:6)
  A tengu warrior (Depths:5)
  5 two-headed ogres
  2 deep troll earth magi
  A deep troll shaman (Depths:1)
  3 naga sharpshooters (Snake:4)
  An orc high priest (Orc:1)
  Sonja (Orc:1)
  A spriggan (Depths:3)
  A flayed ghost (Vaults:1)
  4 deep trolls
  2 harpies
  An unseen horror (D:15)
  2 ironbrand convokers
  A phantasmal warrior (Vaults:5)
  3 orc knights
  2 deep elf magi
  3 swamp dragons (Swamp:4)
  A naga ritualist (Snake:4)
  A necromancer (Depths:3)
  An ugly thing (Vaults:2)
  A cyclops (Vaults:1)
  A salamander (Snake:3)
  A moth of wrath (Zot:2)
  A manticore (D:13)
  6 naga magi
  2 orange demons (Depths:4)
  2 gargoyles
  A torpor snail (Lair:5)
  4 black mambas
  A spiny frog (Lair:1)
  A yaktaur (D:15)
  A kobold demonologist (Depths:4)
  A freezing wraith (D:15)
  A troll (D:10)
  A tyrant leech (Swamp:4)
  A hornet (Depths:3)
  5 slime creatures
  2 blink frogs (Lair:1)
  2 flying skulls (D:15)
  A wraith (Vaults:1)
  4 yaks
  A basilisk (D:15)
  A neqoxec (Depths:3)
  A vampire mosquito (D:13)
  5 nagas
  A water moccasin (Lair:3)
  13 orc warriors
  A swamp drake (shapeshifter) (Vaults:1)
  An ice beast (D:13)
  6 ogres
  4 wolves
  8 centaurs
  2 crocodiles (Lair:6)
  A bullfrog (Lair:1)
  A quasit (D:10)
  2 orc priests
  3 orc wizards
  2 gnolls (Orc:2)
  An ufetubus (Depths:2)
  22 orcs
  A crawling corpse (Vaults:5)
187 creatures vanquished.

Vanquished Creatures (others)
  An ancient lich (Vaults:5)
  A quicksilver dragon (Zot:2)
  A fire giant (Depths:2)
  A black draconian (Zot:2)
  2 yaktaur captains
  A vault guard (Vaults:2)
  A centaur warrior (Depths:2)
  An ogre mage (Depths:2)
  A spriggan (Swamp:4)
  An ironbrand convoker (Vaults:2)
  A phantasmal warrior (Vaults:2)
  A wizard (Vaults:2)
  4 yaktaurs
  2 hornets (Swamp:4)
  A human (Lair:4)
  A naga (Snake:4)
  An orc warrior (Vaults:5)
  A swamp drake (Swamp:3)
  A centaur (Orc:2)
  An ogre (Vaults:5)
  An orc priest (Vaults:5)
  A shadow imp (Depths:2)
  A briar patch (Swamp:4)
  4 fungi
  22 plants
54 creatures vanquished.

Grand Total: 2110 creatures vanquished

Notes
Turn   | Place    | Note
-------+----------+-------------------------------------------
     0 | D:1      | TheOvate the Hill Orc Fighter began the quest for the Orb.
     0 | D:1      | Reached XP level 1. HP: 19/19 MP: 1/1
   109 | D:1      | Reached XP level 2. HP: 20/27 MP: 2/2
   338 | D:1      | Reached skill level 4 in Fighting
   604 | D:2      | Reached XP level 3. HP: 33/33 MP: 3/3
   635 | D:2      | Noticed Terence
   657 | D:2      | Killed Terence
   752 | D:2      | Reached XP level 4. HP: 40/40 MP: 4/4
   766 | D:2      | Found a runed translucent door.
   767 | D:2      | Noticed Crazy Yiuf
   782 | D:2      | Killed Crazy Yiuf
   993 | D:2      | Found a faded altar of an unknown god.
  1150 | D:2      | Reached XP level 5. HP: 35/46 MP: 5/5
  1190 | D:2      | Found a hide-covered altar of Uskayaw.
  1410 | D:3      | Reached skill level 5 in Long Blades
  1609 | D:3      | Found an iron altar of Okawaru.
  1643 | D:3      | Reached XP level 6. HP: 18/52 MP: 6/6
  1922 | D:3      | Found a burning altar of Makhleb.
  2049 | D:3      | Found a deep blue altar of Sif Muna.
  2316 | D:4      | Noticed a phantom
  2360 | D:4      | Killed a phantom
  2426 | D:3      | Became a worshipper of Makhleb the Destroyer
  2822 | D:3      | Reached skill level 1 in Stealth
  2822 | D:3      | Reached skill level 1 in Spellcasting
  3090 | D:4      | Reached skill level 5 in Fighting
  3090 | D:4      | Reached XP level 7. HP: 18/61 MP: 8/8
  3375 | D:4      | Found a staircase to the Ecumenical Temple.
  3541 | D:4      | Reached skill level 6 in Fighting
  3732 | D:5      | Entered Level 5 of the Dungeon
  4288 | D:5      | Reached skill level 7 in Fighting
  4331 | D:5      | Reached XP level 8. HP: 65/73 MP: 9/9
  4360 | D:5      | Found an iron altar of Okawaru.
  4738 | D:6      | Reached skill level 5 in Armour
  4807 | D:6      | Noticed Blork the orc
  4821 | D:6      | Killed Blork the orc
  4983 | D:6      | Noticed Eustachio
  5033 | D:6      | Killed Eustachio
  5642 | D:7      | Found a shimmering altar of Xom.
  5642 | D:7      | Found a shimmering altar of Xom.
  5643 | D:7      | Found a shimmering altar of Xom.
  5643 | D:7      | Found a shimmering altar of Xom.
  5643 | D:7      | Found a shimmering altar of Xom.
  5891 | D:7      | Reached * piety under Makhleb
  6028 | D:7      | Found a shimmering altar of Xom.
  6064 | D:7      | Reached XP level 9. HP: 79/79 MP: 10/10
  6151 | D:7      | Found Suill's Book Boutique.
  6609 | D:7      | Found a shimmering altar of Xom.
  6739 | D:8      | Noticed a two-headed ogre
  6764 | D:8      | Reached ** piety under Makhleb
  7361 | D:8      | Noticed a cyclops
  7552 | D:8      | Killed a two-headed ogre
  7552 | D:8      | Reached skill level 1 in Invocations
  7552 | D:8      | Reached XP level 10. HP: 41/86 MP: 11/11
  7841 | D:8      | Killed a cyclops
  8799 | D:7      | Bought a book of Battle for 440 gold pieces
  8894 | D:9      | Noticed a two-headed ogre
  8906 | D:9      | Killed a two-headed ogre
  8906 | D:9      | Reached skill level 5 in Invocations
  9079 | D:9      | Found a radiant altar of Vehumet.
  9136 | D:10     | Entered Level 10 of the Dungeon
  9342 | D:9      | Reached *** piety under Makhleb
  9738 | D:10     | Found Kiakid's Food Shop.
  9772 | D:10     | Reached XP level 11. HP: 82/92 MP: 16/16
  9838 | D:10     | Noticed Maurice
 10074 | D:10     | Found a large runed translucent door.
 10074 | D:10     | Found a large runed translucent door.
 10350 | D:10     | Found a staircase to the Lair.
 10727 | D:10     | Killed Maurice
 10825 | D:10     | Got a bloodstained ring mail
 10838 | D:10     | Identified the +2 ring mail of Mumblety Peg {*Slow Int+8
                  | Stlth+} (You found it on level 10 of the Dungeon)
 11034 | D:10     | Noticed Killmatronix's ghost (novice DDCK)
 11049 | D:10     | Killed Killmatronix's ghost
 11049 | D:10     | Reached skill level 1 in Short Blades
 11113 | D:11     | Got a polished shield
 11124 | D:11     | Identified the +5 shield "Veps" {+Fly rPois MR+++ Dex-4}
                  | (You found it on level 11 of the Dungeon)
 11187 | D:11     | Noticed a two-headed ogre
 11197 | D:11     | Killed a two-headed ogre
 11197 | D:11     | Reached skill level 5 in Shields
 11314 | D:11     | Reached **** piety under Makhleb
 11452 | D:11     | Found Qyesmib's Magic Scroll Boutique.
 11462 | D:11     | Bought a scroll of enchant weapon for 120 gold pieces
 11462 | D:11     | Bought a scroll of teleportation for 48 gold pieces
 11462 | D:11     | Bought a scroll of identify for 32 gold pieces
 11462 | D:11     | Bought a scroll of teleportation for 48 gold pieces
 11462 | D:11     | Bought a scroll of teleportation for 48 gold pieces
 11462 | D:11     | Bought a scroll of teleportation for 48 gold pieces
 11666 | D:12     | Found a staircase to the Orcish Mines.
 12335 | D:12     | Found a transporter.
 12338 | D:12     | Noticed a two-headed ogre
 12341 | D:12     | Noticed a cyclops
 12342 | D:12     | Noticed a deep elf archer
 12342 | D:12     | Noticed a crystal guardian
 12343 | D:12     | Noticed a flayed ghost
 12354 | D:12     | Noticed an orange crystal statue
 12371 | D:12     | Noticed Nergalle
 12381 | D:12     | Killed Nergalle
 12381 | D:12     | Reached XP level 12. HP: 100/100 MP: 17/17
 12595 | D:12     | Identified the ring "Haclabos" {Wiz rElec Str-5 Dex+5}
 12634 | D:12     | Found a transporter.
 12665 | D:12     | Noticed an eight-headed hydra
 12689 | D:12     | Killed an 18-headed hydra
 13208 | D:13     | Reached skill level 10 in Shields
 13811 | D:13     | Noticed a two-headed ogre
 13817 | D:13     | Killed a two-headed ogre
 13817 | D:13     | Reached skill level 10 in Armour
 13839 | D:13     | Noticed a vault guard
 13839 | D:13     | Noticed a vault guard
 13839 | D:13     | Noticed a vault guard
 13839 | D:13     | Noticed a vault guard
 13840 | D:13     | Found a gate to the Vaults.
 13840 | D:13     | Noticed a vault guard
 13840 | D:13     | Noticed a vault guard
 13840 | D:13     | Noticed a vault guard
 13841 | D:13     | Noticed a vault guard
 13847 | D:13     | Killed a vault guard
 13861 | D:13     | Killed a vault guard
 13878 | D:13     | Killed a vault guard
 13890 | D:13     | Killed a vault guard
 13912 | D:13     | Killed a vault guard
 13912 | D:13     | Reached XP level 13. HP: 63/105 MP: 11/18
 13966 | D:13     | Killed a vault guard
 13980 | D:13     | Killed a vault guard
 13997 | D:13     | Killed a vault guard
 14238 | D:13     | Reached ***** piety under Makhleb
 14933 | D:13     | Identified the +4 ring mail of the Salmon {Str+3}
 15728 | D:14     | Reached skill level 8 in Fighting
 16057 | D:14     | Reached skill level 9 in Fighting
 16372 | D:15     | Entered Level 15 of the Dungeon
 16450 | D:15     | Reached skill level 10 in Fighting
 16477 | D:15     | Found the +3 giant club "Skullcrusher" {speed, Str+7}
 16533 | D:15     | Found a staircase to the Depths.
 16533 | D:15     | Noticed a fire giant
 16594 | D:15     | Noticed an ogre mage
 16606 | D:15     | Killed an ogre mage
 16606 | D:15     | Reached skill level 11 in Fighting
 16615 | D:15     | Reached XP level 14. HP: 124/124 MP: 15/19
 16629 | D:15     | Reached skill level 12 in Fighting
 16670 | D:15     | Found Ylaviy's Assorted Antiques.
 16870 | D:15     | Reached skill level 13 in Fighting
 16873 | D:15     | Found Guipose's Book Emporium.
 17115 | D:15     | Found an ancient bone altar of Kikubaaqudgha.
 17537 | D:15     | Killed a fire giant
 18110 | Orc:1    | Entered Level 1 of the Orcish Mines
 18136 | Orc:1    | Reached skill level 15 in Long Blades
 18221 | Orc:1    | Noticed Sonja
 18234 | Orc:1    | Killed Sonja
 18515 | Orc:1    | Found a roughly hewn altar of Beogh.
 18674 | Orc:1    | Found a radiant altar of Vehumet.
 18895 | Orc:2    | Entered Level 2 of the Orcish Mines
 19455 | Orc:2    | Noticed a stone giant
 19474 | Orc:2    | Killed a stone giant
 19767 | Orc:2    | Found Ynaih's Gadget Emporium.
 19767 | Orc:2    | Found Podonat's General Store.
 19769 | Orc:2    | Found Fydoen's Distillery.
 19771 | Orc:2    | Found Nifuekan's Armour Shoppe.
 19825 | Orc:2    | Reached XP level 15. HP: 137/137 MP: 18/20
 19941 | Orc:2    | Found Siyjue's Antique Armour Boutique.
 20182 | Orc:2    | Found a staircase to the Elven Halls.
 20602 | Lair:1   | Entered Level 1 of the Lair of Beasts
 21272 | Lair:1   | Reached ****** piety under Makhleb
 21382 | Lair:1   | Got a brightly glowing scale mail
 21393 | Lair:1   | Identified the +3 scale mail of Peek-a-Boo {rCorr} (You
                  | found it on level 1 of the Lair of Beasts)
 21718 | Lair:2   | Noticed Fannar
 21741 | Lair:2   | Killed Fannar
 21849 | Lair:2   | Noticed Harold
 21866 | Lair:2   | Killed Harold
 22359 | Lair:3   | You fall through a shaft for 2 floors!
 22508 | Lair:4   | Found a staircase to the Snake Pit.
 22658 | Lair:3   | Found a transporter.
 22662 | Lair:3   | Noticed Xiemaice's ghost (journeyman DrFE)
 22688 | Lair:3   | Found a transporter.
 22948 | Lair:3   | Found a staircase to the Swamp.
 23484 | Lair:4   | Noticed Kirke
 23560 | Lair:4   | Killed Kirke
 23764 | Lair:5   | Found a viscous altar of Jiyva.
 23764 | Lair:5   | Found a staircase to the Slime Pits.
 23921 | Lair:5   | Reached skill level 15 in Shields
 24131 | Lair:5   | You fall through a shaft!
 24131 | Lair:6   | Entered Level 6 of the Lair of Beasts
 24643 | Lair:6   | Reached skill level 14 in Fighting
 24882 | Lair:6   | Identified a scroll of acquirement
 24923 | Lair:6   | Reached XP level 16. HP: 89/147 MP: 15/21
 25907 | Orc:2    | Bought the +10 gold dragon scales of the Gloaming {rPois
                  | rF+ rC+ Str+6} for 2242 gold pieces
 25919 | Orc:2    | Bought a +2 pair of gloves of strength for 365 gold pieces
 26039 | Orc:2    | Bought a potion of curing for 42 gold pieces
 26039 | Orc:2    | Bought a potion of flight for 42 gold pieces
 26039 | Orc:2    | Bought a potion of haste for 140 gold pieces
 26039 | Orc:2    | Bought a potion of might for 56 gold pieces
 26039 | Orc:2    | Bought a potion of haste for 140 gold pieces
 26039 | Orc:2    | Bought a potion of curing for 42 gold pieces
 26039 | Orc:2    | Bought a potion of invisibility for 112 gold pieces
 26408 | Swamp:1  | Entered Level 1 of the Swamp
 26480 | Swamp:1  | Reached skill level 15 in Fighting
 26841 | Swamp:1  | Reached skill level 16 in Fighting
 27425 | Swamp:2  | Noticed a thorn hunter
 27459 | Swamp:2  | Killed a thorn hunter
 27584 | Swamp:2  | Reached skill level 17 in Fighting
 27618 | Swamp:2  | Reached skill level 1 in Dodging
 28489 | Swamp:3  | Paralysed by a hornet for 3 turns
 28644 | Swamp:3  | Found a transporter.
 28679 | Swamp:3  | Reached skill level 5 in Dodging
 28757 | Swamp:3  | Found a transporter.
 29137 | Swamp:4  | Entered Level 4 of the Swamp
 29332 | Swamp:4  | Reached XP level 17. HP: 161/161 MP: 20/22
 29430 | Swamp:4  | Noticed the 27-headed Lernaean hydra
 29708 | Swamp:3  | Killed the 13-headed Lernaean hydra
 30127 | Swamp:4  | Got a decaying rune of Zot
 30206 | Swamp:4  | Paralysed by a hornet for 2 turns
 31052 | Snake:1  | Entered Level 1 of the Snake Pit
 31547 | Snake:1  | Got a faintly humming cloak
 31558 | Snake:1  | Identified the +1 cloak "Guetimuo" {rF- rN+ Str+4} (You
                  | found it on level 1 of the Snake Pit)
 31720 | Snake:1  | Noticed Frances
 31735 | Snake:1  | Killed Frances
 32213 | Snake:1  | Noticed Aizul
 32233 | Snake:1  | Killed Aizul
 32948 | Snake:2  | Reached skill level 15 in Armour
 33861 | Snake:3  | Gained mutation: You are weak. (Str -2) [a cacodemon]
 33862 | Snake:3  | Gained mutation: Scrolls take you a little longer to read.
                  | [a cacodemon]
 34143 | Snake:3  | Reached XP level 18. HP: 169/169 MP: 21/23
 34154 | Snake:3  | Found Uptossec's General Store.
 34154 | Snake:3  | Found Puivaces's Assorted Antiques.
 34156 | Snake:3  | Found Dizo's General Store.
 34157 | Snake:3  | Found Yloedief's Antique Weapon Shoppe.
 34529 | Snake:3  | Found Eruthrookk's Antique Armour Shop.
 34967 | Snake:3  | Reached skill level 18 in Fighting
 35450 | Snake:4  | Entered Level 4 of the Snake Pit
 36191 | Snake:4  | Reached skill level 19 in Fighting
 36730 | Snake:4  | Reached skill level 20 in Fighting
 36933 | Snake:4  | Reached XP level 19. HP: 149/185 MP: 20/24
 36956 | Snake:4  | Got a serpentine rune of Zot
 37643 | Vaults:1 | Entered Level 1 of the Vaults
 37730 | Vaults:1 | Found Taluth's Gadget Shop.
 38007 | Vaults:1 | Found Radurr's Magic Scroll Boutique.
 38186 | Vaults:1 | Found a magical portal.
 38321 | Vaults:1 | Found Xiyb's Distillery.
 38346 | Vaults:1 | Bought a potion of resistance for 150 gold pieces
 38346 | Vaults:1 | Bought 2 potions of heal wounds for 150 gold pieces
 38346 | Vaults:1 | Bought a potion of resistance for 150 gold pieces
 38377 | Vaults:1 | Found Winnuo's Assorted Antiques.
 38407 | Vaults:1 | Bought a scroll of enchant weapon for 307 gold pieces
 38407 | Vaults:1 | Bought a scroll labeled WOIGON WEOT for 41 gold pieces
 38586 | Vaults:1 | Found Asmulun's Antique Armour Shoppe.
 39273 | Vaults:2 | Found Gozag's Antique Armour Emporium.
 39281 | Vaults:2 | Found Gozag's Antique Weapon Emporium.
 39355 | Vaults:2 | Found an opulent altar of Gozag.
 39363 | Vaults:2 | Found Gozag's Antique Armour Shoppe.
 39910 | Vaults:2 | Found Kiutset's Magic Scroll Shop.
 39927 | Vaults:2 | Bought a scroll of enchant weapon for 90 gold pieces
 39981 | Vaults:2 | Found Komyman's Antique Armour Emporium.
 40104 | Vaults:2 | Found a staircase to the Crypt.
 40104 | Vaults:2 | Found a basalt altar of Yredelemnul.
 40105 | Vaults:2 | Found an ancient bone altar of Kikubaaqudgha.
 40173 | Vaults:2 | Noticed a tentacled monstrosity
 40247 | Vaults:2 | Reached XP level 20. HP: 193/193 MP: 25/25
 40537 | Vaults:2 | Noticed Sojobo
 41499 | Vaults:3 | Noticed Nikola
 41521 | Vaults:3 | Killed Nikola
 41521 | Vaults:3 | Reached skill level 21 in Fighting
 42204 | Vaults:3 | Found a gateway to a bazaar.
 42290 | Vaults:3 | Found Uzeiler's Weapon Shoppe.
 42623 | Vaults:4 | Reached skill level 22 in Fighting
 42824 | Vaults:4 | Got a transparent long sword
 42825 | Vaults:4 | Identified the +7 long sword of Domination {slice, rElec
                  | rPois Str-2 Stlth+} (You found it on level 4 of the Vaults)
 43304 | Vaults:4 | Noticed Frederick
 43322 | Vaults:4 | Killed Frederick
 43650 | Vaults:4 | Noticed Donald
 43665 | Vaults:4 | Killed Donald
 43743 | Vaults:4 | Identified the ring of Betu {-Tele rPois rN+++ Str+5 Int-3}
 43868 | Vaults:4 | Reached XP level 21. HP: 210/210 MP: 26/26
 44347 | Bazaar   | Entered a bazaar
 44366 | Bazaar   | Found Qoalugopn's Distillery.
 44389 | Bazaar   | Found Kaadol's Distillery.
 44453 | Bazaar   | Bought a potion of heal wounds for 50 gold pieces
 44453 | Bazaar   | Bought a potion of heal wounds for 50 gold pieces
 44475 | Bazaar   | Bought a potion of heal wounds for 95 gold pieces
 44475 | Bazaar   | Bought a potion of heal wounds for 95 gold pieces
 44762 | Depths:1 | Entered Level 1 of the Depths
 44778 | Depths:1 | Reached skill level 23 in Fighting
 45387 | Depths:1 | Noticed Margery
 45401 | Depths:1 | Killed Margery
 45445 | Depths:1 | Found a gateway to Hell.
 45738 | Depths:1 | You fall through a shaft!
 45774 | Depths:2 | Found a gateway to a ziggurat.
 45991 | Depths:1 | Identified the cursed +3 hunting sling of Yceeke {flame,
                  | MR+}
 46020 | Depths:1 | Reached skill level 24 in Fighting
 46156 | Depths:1 | Found Nadyse's Jewellery Shop.
 46156 | Depths:1 | Found Mocrya's Gadget Emporium.
 46157 | Depths:1 | Found Deiphiut's Gadget Emporium.
 46383 | Depths:2 | Found a one-way gate leading to the halls of Pandemonium.
 47259 | Depths:2 | Identified the Collected Works on Heat and the Glacier
 47279 | Depths:2 | Reached skill level 25 in Fighting
 47300 | Depths:2 | Gained mutation: You are very weak. (Str -4) [a shining
                  | eye]
 47302 | Depths:2 | Noticed a golden dragon
 47313 | Depths:2 | Noticed a juggernaut
 47325 | Depths:2 | Killed a golden dragon
 47358 | Depths:2 | Killed a juggernaut
 47462 | Depths:2 | Noticed a caustic shrike
 47483 | Depths:2 | Reached XP level 22. HP: 155/226 MP: 27/27
 47493 | Depths:2 | Killed a caustic shrike
 48476 | Depths:2 | Reached skill level 26 in Fighting
 48994 | Depths:2 | Noticed a caustic shrike
 49259 | Depths:2 | Killed a caustic shrike
 49747 | Depths:3 | Reached skill level 27 in Fighting
 49810 | Depths:3 | Reached skill level 1 in Evocations
 50464 | Depths:3 | Noticed a golden dragon
 50464 | Depths:3 | Noticed a golden dragon
 50487 | Depths:3 | Killed a golden dragon
 50487 | Depths:3 | Reached skill level 5 in Evocations
 50506 | Depths:3 | Killed a golden dragon
 51561 | Depths:4 | Reached XP level 23. HP: 240/240 MP: 29/29
 51770 | Depths:4 | Found a one-way gate to the infinite horrors of the Abyss.
 52017 | Depths:4 | Reached skill level 10 in Evocations
 52051 | Depths:4 | Found Zuicof's Book Shop.
 52695 | Depths:4 | Gained mutation: You are frail. (-10% HP) [a cacodemon]
 52773 | Depths:4 | Found a runed translucent door.
 52786 | Depths:4 | Found a runed translucent door.
 52880 | Depths:4 | Found a burning altar of Makhleb.
 52895 | Depths:4 | Identified Sif Muna's Reference Book on Noxious
                  | Transmigration
 54040 | Vaults:2 | Killed Sojobo
 54604 | Vaults:5 | Entered Level 5 of the Vaults
 55176 | Vaults:5 | Noticed an ancient lich
 56304 | Vaults:4 | Killed an ancient lich
 56422 | Vaults:4 | Reached XP level 24. HP: 182/224 MP: 33/33
 57047 | Vaults:4 | Reached skill level 15 in Evocations
 58929 | Vaults:5 | Identified the +9 flail of Purpose {chaos, rF+ Str-4 Dex+3}
 59400 | Vaults:5 | Got a silver rune of Zot
 59462 | Vaults:5 | Identified the ring "Feymyh" {Fire Str+3}
 59792 | Vaults:5 | Noticed an ancient lich
 59903 | Vaults:5 | Identified the +9 morningstar of the Morning {venom, rPois
                  | rN+ Int+7 Stlth+}
 60124 | Vaults:5 | Killed an ancient lich
 60254 | Vaults:5 | Found the +8 autumn katana {slice, Clar}
 61240 | D:15     | Bought a scroll of blinking for 232 gold pieces
 61720 | Depths:5 | Entered Level 5 of the Depths
 62564 | Depths:5 | Reached XP level 25. HP: 218/231 MP: 36/36
 62876 | Depths:5 | Found a gate to the Realm of Zot.
 62952 | Depths:5 | Found a runed translucent door.
 62957 | Depths:5 | Noticed bananaglory's ghost (legendary MfSk)
 63063 | Depths:5 | Found a portal to a secret trove of treasure.
 63939 | Zot:1    | Entered Level 1 of the Realm of Zot
 64170 | Depths:5 | Cast into level 3 of the Abyss (black draconian knight)
 64455 | Depths:5 | Escaped the Abyss
 66032 | Zot:1    | Found a runed translucent gate.
 66032 | Zot:1    | Noticed Sagrath01's ghost (veteran GnFE)
 66033 | Zot:1    | Found a runed translucent gate.
 66033 | Zot:1    | Noticed Zoemieteo's ghost (legendary KoFi)
 66033 | Zot:1    | Noticed Qenec's ghost (legendary TrBe)
 66033 | Zot:1    | Noticed Usopnomu's ghost (legendary OgBe)
 66414 | Zot:2    | Reached XP level 26. HP: 175/239 MP: 36/36
 70246 | Zot:3    | You fall through a shaft!
 70246 | Zot:4    | Noticed a Killer Klown
 70268 | Zot:4    | HP: 2/239 [white draconian monk (11)]
 70269 | Zot:4    | Demolished by a black draconian monk

Skill      XL: |  1  2  3  4  5  6  7  8  9 10 11 12 13 14 15 16 17 18 19 20 21 22 23 24 25 26 |
---------------+-------------------------------------------------------------------------------+-----
Fighting       | 4 5 7 11 13 14 17 20 22 25 27 | 27.0
Long Blades    | 3 4 5 7 11 12 14 16 | 16.1
Stealth        | 1 |  1.0
Spellcasting   | 1 |  1.0
Armour         | 4 8 9 11 14 16 20 | 20.2
Invocations    | 1 7 |  7.1
Short Blades   | 1 |  1.3
Shields        | 9 12 15 19 22 | 22.0
Dodging        | 6 9 |  9.6
Evocations     | 8 14 18 19 | 19.0

Action                   |  1- 3 |  4- 6 |  7- 9 | 10-12 | 13-15 | 16-18 | 19-21 | 22-24 | 25-27 || total
-------------------------+-------+-------+-------+-------+-------+-------+-------+-------+-------++-------
Melee: Long sword        |    79 |   219 |   486 |   521 |       |       |  1082 |  2619 |  1590 ||  6596
       Short sword       |       |       |       |   133 |       |       |       |       |       ||   133
       Falchion          |       |       |       |   371 |  1895 |  2617 |  1421 |       |       ||  6304
Invok: Minor Destruction |       |       |     1 |     3 |       |       |       |       |       ||     4
       Lesser Servant of |       |       |       |     4 |    38 |    42 |    70 |    73 |    39 ||   266
       Major Destruction |       |       |       |     3 |     4 |     2 |       |     1 |       ||    10
       Greater Servant o |       |       |       |       |     1 |     1 |       |       |       ||     2
 Abil: Evoke Flight      |       |       |       |       |       |       |     1 |     2 |     1 ||     4
Evoke: Wand              |       |       |       |       |     1 |       |       |       |       ||     1
  Use: Scroll            |       |       |    21 |     4 |    10 |     9 |    13 |    25 |     5 ||    87
       Potion            |       |       |       |     4 |    10 |     7 |    10 |    15 |     6 ||    52
 Stab: Invisible         |       |     3 |       |       |       |       |       |     3 |       ||     6
       Distracted        |       |       |       |     2 |     3 |    10 |    10 |    23 |     8 ||    56
       Confused          |       |       |       |       |       |     1 |     1 |       |       ||     2
  Eat: Chunk             |       |     5 |     7 |    11 |    30 |     9 |    15 |     1 |       ||    78
       Ration            |       |     1 |     2 |     6 |     2 |    10 |     6 |    15 |     8 ||    50
Armor: Scale mail        |    55 |    94 |     9 |       |       |       |       |       |       ||   158
       Plate armour      |       |       |   395 |   517 |   434 |     8 |       |       |       ||  1354
       Ring mail         |       |       |       |       |   260 |       |       |       |       ||   260
       Gold dragon scale |       |       |       |       |       |  1250 |   909 |  1113 |   904 ||  4176
Dodge: Dodged            |    30 |    82 |   113 |   158 |   366 |   517 |   418 |   458 |   355 ||  2497
Block: Shield            |    50 |   129 |   279 |   464 |  1496 |  2057 |  1772 |  2328 |  1607 || 10182
       Reflection        |       |       |       |       |       |       |    28 |    83 |    25 ||   136
       Rpst.: Long sword |    10 |    25 |    32 |    26 |       |       |    37 |    84 |    48 ||   262
       Falchion          |       |       |       |     8 |    93 |    87 |    43 |       |       ||   231
